cohdb
Replays
Latest Replays
All Replays
Popular Replays
Top Player Replays
Match Explorer
How It Works
Community
CoH3 Stats
Reddit
Sign in to upload your games and track your stats! →
Sign in with Steam
Match 47203044
Unlisted
Match 47203044
Overview
Messages
Build Orders
End
Kradschützen Motorcycle Team
Panzergrenadier Squad
Selects Armored Support Battlegroup
250 Light Carrier
Construct Light Support Kompanie
Combat Half-tracks
Fire Support Elements
250 Light Carrier
Selects Veteran Gunners
Panzerpioneer Squad
Panzerjäger Mechanized Group
Construct Panzerarmee Kommand
Selects Salvage Kits
Vehicle Survival Package
MG34 Team
Panzer III L Medium Tank
Emergency Repair Kits
Panzer III L Medium Tank
Rapid Advance
Panzer III L Medium Tank
Panzer III L Medium Tank
Panzerpioneer Squad
Selects Panzer Storm
Tungsten Core Ammunition
Panzer Storm
Selects Stuka Anti-tank Loiter
Armored Reserves
Stuka Anti-tank Loiter
Pak 38 Anti-tank Gun Team
Panzerjäger Squad
Tiger Heavy Tank
Panzerpioneer Squad
Panzer III L Medium Tank
Panzer III L Medium Tank
Panzer IV Assault Group
Panzer III L Medium Tank
Panzerpioneer Squad
Panzerpioneer Squad
Pak 38 Anti-tank Gun Team
Pak 38 Anti-tank Gun Team
Tiger Heavy Tank
dj pauly d gtl
b1ackie360
peace
饴果子
Jeremy
皮皮
JT
孤冰月
0
0
Comments
sign in to comment!
No comments posted yet!